 Dungeon Crawl Stone Soup version 0.28-a0-1202-g1e6f1b2279 (webtiles) character file.

Game seed: 7539968365731567341

3261 Peloso the Carver (level 9, -1/78 HPs)
             Began as a Minotaur Fighter on Dec 20, 2021.
             Was a Follower of Okawaru.
             Shot with a bolt by an orc warrior (4 damage)
             ... in a bailey.
             The game lasted 00:17:17 (9487 turns).

Peloso the Carver (Minotaur Fighter)                Turns: 9487, Time: 00:17:18

Health: -1/78      AC: 17    Str: 23    XL:     9   Next: 68%
Magic:  8/8        EV:  6    Int:  5    God:    Okawaru [*.....]
Gold:   223        SH: 10    Dex: 12    Spells: 8/8 levels left

rFire   . . .      SeeInvis .   a - +0 long sword
rCold   . . .      Faith    .   c - +0 kite shield
rNeg    + . .      Spirit   .   v - +0 plate armour
rPois   .          Reflect  .   (helmet restricted)
rElec   .          Harm     .   (no cloak)
rCorr   .          Rampage  .   g - +0 pair of gloves
Will    .....                   C - +0 pair of boots
Stlth   ..........              (no amulet)
HPRegen 0.23/turn               q - ring of positive energy
MPRegen 0.11/turn               (no ring)

@: no status effects
A: horns 2, retaliatory headbutt
a: Renounce Religion, Heroism


You were in a bailey.
You worshipped Okawaru.
Okawaru was aware of your devotion.
You visited 2 branches of the dungeon, and saw 8 of its levels.
You also visited: Bailey.

You collected 308 gold pieces.
You spent 85 gold pieces at shops.

Inventory:

Hand Weapons
 a - a +0 long sword (weapon)
Missiles
 w - 2 throwing nets (quivered)
 D - 200 bolts
Armour
 b - a +0 scale mail
 c - a +0 kite shield (worn)
 g - a +0 pair of gloves (worn)
 v - a +0 plate armour (worn)
 C - a +0 pair of boots (worn)
Jewellery
 f - a +6 ring of intelligence
 q - a ring of positive energy (left hand)
 B - a ring of flight
Wands
 t - a wand of polymorph (14)
Scrolls
 j - a scroll of acquirement
 k - a scroll of fear
 l - 2 scrolls of teleportation
 m - 3 scrolls of summoning
 r - a scroll of brand weapon {unknown}
 s - a scroll of noise
 x - a scroll of fog {unknown}
 y - a scroll of enchant armour {unknown}
Potions
 d - 2 potions of might
 e - 3 potions of resistance
 h - a potion of flight
 i - 2 potions of brilliance
 n - a potion of heal wounds
 o - a potion of magic {unknown}
 p - a potion of curing
 u - a potion of berserk rage {unknown}
 z - a potion of mutation {unknown}
 A - a potion of attraction {unknown}


   Skills:
 + Level 6.7 Fighting
 + Level 9.6 Long Blades
 + Level 9.6 Armour
 + Level 2.7 Dodging
 + Level 1.1 Stealth
 + Level 8.4 Shields


You had 8 spell levels left.
You didn't know any spells.
Your spell library contained the following spells:

 Spells                   Type           Power      Damage    Failure   Level
 Foxfire                  Conj/Fire      0%         2x1d4     100%        1
 Conjure Flame            Conj/Fire      0%         6-21      100%        3
 Inner Flame              Hex/Fire       0%         N/A       100%        3
 Flame Wave               Conj/Fire      0%         2d4       100%        4
 Animate Dead             Necr           Unusable   N/A       N/A         4
 Haunt                    Necr/Summ      Unusable   N/A       N/A         7
 Infestation              Necr           Unusable   N/A       N/A         8

Dungeon Overview and Level Annotations

Branches:
Dungeon (7/15)             Temple (1/1) D:6          Bailey (1/1)

Altars:
Ashenzari
Cheibriados
Dithmenos
Elyvilon
Gozag
Hepliaklqana
Kikubaaqudgha
Makhleb
Nemelex Xobeh
Okawaru
Sif Muna
Uskayaw
Vehumet
Wu Jian
Xom
Yredelemnul
Zin
The Shining One

Shops:
D:2 ?   D:4 ?   D:5 [*=*


Innate Abilities, Weirdness & Mutations

You have a pair of horns on your head.
You reflexively headbutt those who attack you in melee.


Message History

You block the bolt.
The orc warrior shoots a bolt.
The bolt hits you!
The orc unwields a +0 arbalest.
You block the orc's attack.
You barely miss the orc. The orc hits you.
You hit the orc.
The orc is severely wounded.
The orc warrior shoots a bolt.
The bolt hits you. You block the orc's attack.
An orc comes into view. It is wielding a +0 arbalest.
You barely miss the orc.
The orc is severely wounded.
The orc shouts!
The orc warrior shoots a bolt.
You block the bolt. The orc hits you but does no damage.
The orc warrior shoots a bolt.
You block the bolt.
The orc shoots a bolt.
The bolt hits you!
You hit the orc.
You kill the orc!
Okawaru accepts your kill.
The orc shoots a bolt.
You block the bolt.
The orc warrior shoots a bolt.
You block the bolt.
The orc warrior shoots a bolt.
You block the bolt.
The orc shoots a bolt.
You block the bolt.
The orc warrior shoots a bolt.
The bolt hits you but does no damage.
The orc shoots a bolt.
The bolt hits you.
Found a gate leading back out of this place.
The orc shoots a bolt.
You block the bolt.
The orc shoots a bolt.
You block the bolt.
The orc warrior unwields a +0 arbalest.
You block the orc warrior's attack.
The orc shoots a bolt.
The bolt hits you but does no damage.
An orc warrior comes into view. It is wielding a +0 arbalest.
The orc warrior shouts!
The orc warrior shoots a bolt.
The bolt hits you!!
* * * LOW HITPOINT WARNING * * *
You closely miss the orc warrior. You headbutt the orc warrior!
The orc warrior is moderately wounded.
The orc warrior hits you!
* * * LOW HITPOINT WARNING * * *
The orc warrior barely misses you.
The orc shoots a bolt.
The bolt hits you but does no damage.
The orc warrior wields a +0 arbalest.
The orc warrior shoots a bolt.
The bolt hits you.
You die...

###############################
...................)...........
...............................
...............................
...............................
................@..............
..................o............
..≈≈≈≈≈...........o.....≈≈≈≈≈..
.≈≈#.#≈≈...............≈≈#.#≈≈.
.≈##.##≈...............≈##
.≈..^..≈...............≈o.
.≈##.∩#≈..............o≈#∩
.≈≈#.#.≈....#######....≈.
..≈≈≈≈≈....## .....≈


You could see 2 orc warriors and an orc.

Vanquished Creatures
  Grinder (D:3)
  A vampire (D:6)
  A steam dragon (D:7)
  5 orc warriors
  A necrophage (D:4)
  2 centaurs
  4 ogres
  Blork the orc (D:5)
  A water moccasin zombie (D:6)
  2 bullfrogs (D:7)
  A gnoll sergeant (D:6)
  3 scorpions (D:6)
  5 killer bees (D:6)
  A howler monkey (D:6)
  A centaur zombie (D:6)
  3 centaur skeletons
  4 hounds
  A bullfrog skeleton (D:4)
  A gnoll shaman (D:5)
  An orc priest (D:6)
  5 iguanas
  Terence (D:3)
  6 orc wizards
  A howler monkey zombie (D:6)
  8 adders
  9 gnolls
  2 howler monkey skeletons
  A shadow imp (D:5)
  6 worms
  4 dart slugs
  28 orcs
  12 ball pythons
  3 bats
  6 endoplasms
  7 giant cockroaches
  5 hobgoblins
  8 jackals
  8 kobolds
  6 quokkas
  6 frilled lizards
  11 goblins
  8 rats
191 creatures vanquished.

Notes
Turn   | Place    | Note
-------+----------+-------------------------------------------
     0 | D:1      | Peloso the Minotaur Fighter began the quest for the Orb.
     0 | D:1      | Reached XP level 1. HP: 19/19 MP: 0/0
   147 | D:1      | Reached XP level 2. HP: 27/27 MP: 1/1
  1017 | D:2      | Reached XP level 3. HP: 29/33 MP: 2/2
  1171 | D:2      | Found Emattog's Magic Scroll Boutique.
  1182 | D:2      | Bought a scroll of identify for 28 gold pieces
  1182 | D:2      | Identified a scroll of acquirement
  1547 | D:2      | Reached XP level 4. HP: 19/40 MP: 3/3
  2174 | D:3      | Noticed Terence
  2181 | D:3      | Killed Terence
  2277 | D:3      | Reached XP level 5. HP: 47/47 MP: 4/4
  2291 | D:3      | Reached skill level 1 in Dodging
  2799 | D:3      | Noticed Grinder
  2828 | D:3      | Killed Grinder
  2829 | D:3      | Reached skill level 5 in Long Blades
  2829 | D:3      | Reached skill level 5 in Armour
  2829 | D:3      | Reached skill level 5 in Shields
  2829 | D:3      | Reached XP level 6. HP: 22/53 MP: 5/5
  3441 | D:4      | Reached XP level 7. HP: 33/60 MP: 6/6
  3590 | D:4      | Found Efyra's Magic Scroll Shop.
  3613 | D:4      | Bought a scroll of noise for 12 gold pieces
  3613 | D:4      | Bought a scroll of identify for 24 gold pieces
  3687 | D:4      | Reached skill level 5 in Fighting
  4224 | D:5      | Entered Level 5 of the Dungeon
  4411 | D:5      | Reached XP level 8. HP: 59/68 MP: 7/7
  4636 | D:5      | Found Banit's Jewellery Boutique.
  5051 | D:5      | Found Patetao's Antique Armour Boutique.
  5065 | D:5      | Found Quexivut's Assorted Antiques.
  5069 | D:5      | Noticed Blork the orc
  5239 | D:5      | Killed Blork the orc
  5575 | D:5      | Bought a scroll labelled ECAABE SOENA for 21 gold pieces
  5730 | D:5      | Found Xahoru's Assorted Antiques.
  6044 | D:6      | Reached skill level 1 in Stealth
  6745 | D:6      | Reached XP level 9. HP: 27/75 MP: 8/8
  6978 | D:6      | Found a staircase to the Ecumenical Temple.
  6983 | Temple   | Entered the Ecumenical Temple
  7111 | Temple   | Became a worshipper of Warmaster Okawaru
  7155 | D:6      | Found an opulent altar of Gozag.
  8110 | D:7      | Found a flagged portal.
  8133 | Bailey   | Entered a bailey
  8287 | Bailey   | Reached * piety under Okawaru
  9486 | Bailey   | HP: 2/78 [orc warrior (9)]
  9487 | Bailey   | Shot with a bolt by an orc warrior

Illustrated notes

Levels and vault maps discovered:
D:1:      dpeg_arrival_tiny_d, layout_basic
D:2:      layout_basic, serial_shops, nicolae_shop_waterfront
D:3:      minmay_octagon_keep, layout_loops_ring, uniq_grinder, uniq_terence
D:4:      layout_basic, serial_shops, nicolae_shop_stone, minmay_mini_jars
D:5:      layout_basic, serial_shops, shop_statue, shop, nicolae_stop_n_shop_2,
          shop, uniq_blork_the_orc
D:6:      minmay_opposing_rooms, layout_basic,
          mainiacjoe_overflow_concentric_impassable, temple_doors_e
D:7:      layout_layer_cave, enter_bailey_5, nzn_random_ring, uniq_duvessa
Temple:   mainiacjoe_temple_archimedes_tessellation
Bailey:   bailey_polearm_2, bailey

Skill      XL: |  1  2  3  4  5  6  7  8  9 |
---------------+----------------------------+-----
Armour         | 4 5 6 8 9 |  9.6
Fighting       | 4 5 6 |  6.7
Shields        | 4 5 6 7 8 |  8.4
Long Blades    | 3 4 5 7 8 9 |  9.6
Dodging        | 1 2 |  2.7
Stealth        | 1 |  1.1

Action                   |  1- 3 |  4- 6 |  7- 9 || total
-------------------------+-------+-------+-------++-------
Melee: Long sword        |    61 |   148 |   400 ||   609
       Headbutt          |     9 |    32 |    93 ||   134
  Use: Scroll            |     2 |       |     8 ||    10
       Potion            |       |       |     3 ||     3
Armor: Scale mail        |    31 |    68 |    58 ||   157
       Plate armour      |       |       |   200 ||   200
Dodge: Dodged            |    35 |    43 |   125 ||   203
Block: Buckler           |    13 |    10 |       ||    23
       Kite shield       |       |    53 |   292 ||   345

Table legend: (Time is in decaauts)
 A = Elapsed time spent in this place.
 B = Non-inter-level travel time spent in this place.
 C = Inter-level travel time spent in this place.
 D = Time resting spent in this place.
 E = Time spent auto-exploring this place.
 F = Levels seen in this place.
 G = Mean time per level.
                   A        B        C        D        E       F      G
               +--------+--------+--------+--------+--------+-----+--------+
         Total |   9627 |   9452 |    175 |   2132 |   5190 |   9 | 1069.7 |
       Dungeon |   8129 |   7954 |    175 |   1173 |   5100 |   7 | 1161.3 |
        Temple |    140 |    140 |      0 |      0 |     90 |   1 |  140.0 |
        Bailey |   1357 |   1357 |      0 |    959 |      0 |   1 | 1357.0 |
               +--------+--------+--------+--------+--------+-----+--------+

Top non-repeatable levels by time:
     D:6: 1790 daAuts
     D:4: 1539 daAuts
     D:3: 1434 daAuts
  Bailey: 1357 daAuts
     D:5: 1302 daAuts
     D:2: 1056 daAuts
     D:1: 959 daAuts
  Temple: 140 daAuts
     D:7: 46 daAuts
